Vancouver Canucks vs Anaheim Ducks

Created - Wednesday, October 22, 2025 at 08:48

Goals
1 2 3 T
Vancouver Canucks 2 1 0 3
Anaheim Ducks 1 1 2 4
Shots
1 2 3 T
Vancouver Canucks 10 12 14 36
Anaheim Ducks 11 6 15 32

1st period

1. Vancouver Canucks , Artturi Lehkonen 20 (Connor Zary 17, Sean Couturier 19) at 16:15
2. Anaheim Ducks , William Nylander 28 (Mark Scheifele 40) at 16:33
3. Vancouver Canucks , Matias Maccelli 2 (Anton Lundell 8, Ryan McDonagh 11) at 19:46

Penalties :
Nazem Kadri (ANA) for Hooking (Minor) at 0:23

2nd period

4. Vancouver Canucks , Sean Couturier 18 (Artturi Lehkonen 26, Connor Zary 18) at 4:23
5. Anaheim Ducks , J.T. Compher 5 (Parker Kelly 5) at 5:39

Penalties :
Emil Martinsen Lilleberg (VAN) for Attempt to injure (Major / Game Misconduct) at 7:41, Chandler Stephenson (ANA) for Hooking (Minor) at 14:20

3rd period

6. Anaheim Ducks , Philip Broberg 6 (J.T. Compher 5, Nazem Kadri 38) at 13:51
7. Anaheim Ducks , Philip Broberg 7 (Nazem Kadri 39, Mark Scheifele 41) at 16:52 (PP)

Penalties :
Brayden Schenn (ANA) for Roughing (Minor) at 11:28, Joel Hanley (VAN) for Tripping (Minor) at 15:22, Jesperi Kotkaniemi (VAN) for Hooking (Minor) at 18:12

Goalie Stats

Justus Annunen (VAN), 28 saves from 32 shots - (0.875), L, 16-12-2, 60:00 minutes
Linus Ullmark (ANA), 33 saves from 36 shots - (0.917), W, 23-19-4, 60:00 minutes

Players Stats for Vancouver Canucks

Player Name              G  A  P  +/- PIM S  H  SB GA TA FO     MP     PP MP  PK MP  
------------------------------------------------------------------------------------
Aleksander Barkov        0  0  0  -3  0   2  2  0  1  0  7/20   21:26   3:05   3:51 
Anton Lundell            0  1  1   1  0   1  1  0  0  0  5/11   10:41   0:00   3:19 
Artturi Lehkonen         1  1  2   2  0   2  3  0  1  0  3/4    19:55   2:52   3:51 
Bobby McMann             0  0  0   0  0   4  3  0  0  0  1/1    10:39   0:00   0:00 
Casey Mittelstadt        0  0  0   0  0   4  2  1  1  0  5/8    14:41   2:52   1:17 
Clayton Keller           0  0  0  -3  0   2  3  1  2  0  0/0    18:28   3:05   0:26 
Connor Zary              0  2  2   2  0   3  0  0  0  0  0/0    16:04   2:52   0:00 
Emil Martinsen Lilleberg 0  0  0   0  15  0  0  0  0  0  0/0     6:26   0:00   0:00 
Jake Bean                0  0  0   0  0   0  0  0  0  0  0/0    13:07   0:00   0:37 
Jesperi Kotkaniemi       0  0  0   1  2   1  0  0  0  0  0/0     8:24   0:00   1:03 
Joel Hanley              0  0  0   0  2   0  2  0  0  0  0/0    19:56   2:52   2:49 
Matias Maccelli          1  0  1   1  0   3  1  0  1  0  0/0     6:59   0:00   0:00 
Mikko Rantanen           0  0  0  -3  0   6  1  0  2  1  1/3    21:37   3:05   3:22 
Miro Heiskanen           0  0  0   0  0   0  3  2  0  0  0/0    28:41   3:05   4:09 
Noah Hanifin             0  0  0   0  0   1  3  0  0  0  0/0    28:12   3:05   4:07 
Ryan McDonagh            0  1  1   0  0   1  1  0  0  1  0/0    22:40   2:52   4:13 
Sean Couturier           1  1  2   2  0   4  2  0  1  1  1/7    13:06   0:00   0:00 
Ty Dellandrea            0  0  0   0  0   2  3  0  0  0  0/0    10:39   0:00   0:00 

Players Stats for Anaheim Ducks

Player Name              G  A  P  +/- PIM S  H  SB GA TA FO     MP     PP MP  PK MP  
------------------------------------------------------------------------------------
Alex Killorn             0  0  0  -2  0   2  1  0  2  0  1/2    16:27   0:55   3:20 
Brayden Schenn           0  0  0   2  2   2  1  0  0  0  1/2    19:36   3:46   1:50 
Brenden Dillon           0  0  0   0  0   0  0  2  0  2  0/0    17:23   0:40   2:17 
Chandler Stephenson      0  0  0  -2  2   1  1  1  0  1  5/8    15:21   0:55   2:19 
Esa Lindell              0  0  0   1  0   1  3  1  0  0  0/0    21:02   0:00   3:40 
Ivan Provorov            0  0  0  -1  0   2  0  0  0  1  0/0    19:45   1:54   3:40 
J.T. Compher             1  1  2   2  0   2  0  0  0  0  3/4     9:07   0:59   2:11 
John Tavares             0  0  0   0  0   2  1  0  0  0  2/8    17:50   3:46   0:26 
Joshua Morrissey         0  0  0   0  0   1  0  3  0  0  0/0    20:54   5:42   0:00 
Kevin Bahl               0  0  0  -1  0   0  0  0  0  2  0/0    14:09   0:40   0:00 
Mark Scheifele           0  2  2   0  0   1  0  0  0  0  16/25  18:27   3:35   0:25 
Mason Marchment          0  0  0   0  0   3  4  0  0  0  1/1    17:20   3:42   0:00 
Morgan Rielly            0  0  0   1  0   0  0  0  0  0  0/0     8:13   5:42   0:00 
Nazem Kadri              0  2  2   1  2   6  0  0  1  1  0/0    20:00   3:35   1:23 
Parker Kelly             0  1  1   1  0   1  0  0  0  0  0/0     5:26   0:00   0:00 
Philip Broberg           2  0  2   0  0   3  2  2  0  0  0/0    18:34   1:54   2:17 
Will Cuylle              0  0  0  -2  0   1  2  0  0  0  1/1    11:56   0:00   0:00 
William Nylander         1  0  1   0  0   4  1  0  0  2  1/3    22:30   3:35   0:00 

3 Stars

1 - Philip Broberg (ANA)
2 - Artturi Lehkonen (VAN)
3 - Sean Couturier (VAN)

Power Play

Vancouver Canucks - 0 on 3 Attempt(s) - 0.00%
Anaheim Ducks - 1 on 3 Attempt(s) - 33.33%

Penalty Kill

Vancouver Canucks - 2 on 3 Attempt(s) - 66.67% - Score 0 goal in Penalty Kill
Anaheim Ducks - 3 on 3 Attempt(s) - 100.00% - Score 0 goal in Penalty Kill

Team Stat

Vancouver Canucks - Hits : 30 - Faceoff Wins : 23 - Blocked Shots : 4 - Penalty Minutes : 19
Anaheim Ducks - Hits : 16 - Faceoff Wins : 31 - Blocked Shots : 9 - Penalty Minutes : 6

Official

Referees : Jon Mcisaac and Francois St Laurent
Linesman : Joseph Mahon and Ben O'Quinn

Game Notes

Emil Martinsen Lilleberg (VAN) for Attempt to injure (Major / Game Misconduct) at 7:41
Emil Martinsen Lilleberg ejected from game at 7:41 of 2nd period

Finance

Level 1 -- Attendance: 4518 (75.30%) -- Ticket Income $451,800
Level 2 -- Attendance: 3656 (73.12%) -- Ticket Income $219,360
Level 3 -- Attendance: 2130 (71.00%) -- Ticket Income $97,980
Level 4 -- Attendance: 3550 (71.00%) -- Ticket Income $88,750
Luxury Box -- Attendance: 736 (73.60%) -- Ticket Income $147,200
Game was played at the Honda Center.
Total Attendance: 14590 (72.95%)
Total Ticket Income: $1,005,090
Other Income: $351,782
Total Income: $1,356,872

Vancouver Canucks

5 vs 5 Forward 
   Center                   Left Wing                Right Wing               Time % Phy DF OF 
 1 Aleksander Barkov        Clayton Keller           Mikko Rantanen           37     1   1  3  
 2 Sean Couturier           Connor Zary              Artturi Lehkonen         28     1   2  2  
 3 Casey Mittelstadt        Bobby McMann             Ty Dellandrea            21     1   2  2  
 4 Anton Lundell            Jesperi Kotkaniemi       Matias Maccelli          14     1   3  1  

5 vs 5 Defense 
   Defense                  Defense                                           Time % Phy DF OF 
 1 Noah Hanifin             Miro Heiskanen                                    30     1   2  2  
 2 Ryan McDonagh            Joel Hanley                                       30     1   2  2  
 3 Jake Bean                Emil Martinsen Lilleberg                          25     1   2  2  
 4 Noah Hanifin             Miro Heiskanen                                    15     1   2  2  

PowerPlay Forward 
   Center                   Left Wing                Right Wing               Time % Phy DF OF 
 1 Aleksander Barkov        Clayton Keller           Mikko Rantanen           50     0   1  4  
 2 Casey Mittelstadt        Connor Zary              Artturi Lehkonen         50     0   1  4  

PowerPlay Defense
   Defense                  Defense                                           Time % Phy DF OF 
 1 Noah Hanifin             Miro Heiskanen                                    50     0   1  4  
 2 Ryan McDonagh            Joel Hanley                                       50     0   1  4  

Penalty Kill 4 Players Forward 
   Center                   Wing                     Time % Phy DF OF 
 1 Anton Lundell            Mikko Rantanen           50     1   2  2  
 2 Aleksander Barkov        Artturi Lehkonen         50     1   2  2  

Penalty Kill 4 Players Defense
   Defense                  Defense                  Time % Phy DF OF 
 1 Ryan McDonagh            Joel Hanley              50     1   2  2  
 2 Noah Hanifin             Miro Heiskanen           50     1   2  2  

Penalty Kill - 3 Players Forward 
   Forward                                           Time % Phy DF OF 
 1 Anton Lundell                                     50     1   2  2  
 2 Artturi Lehkonen                                  50     1   2  2  

Penalty Kill - 3 Players Defense
   Defense                  Defense                  Time % Phy DF OF 
 1 Ryan McDonagh            Joel Hanley              50     1   2  2  
 2 Noah Hanifin             Miro Heiskanen           50     1   2  2  

4 vs 4 Forward 
   Center                   Wing                     Time % Phy DF OF 
 1 Aleksander Barkov        Mikko Rantanen           50     1   2  2  
 2 Clayton Keller           Artturi Lehkonen         50     1   2  2  

4 vs 4 Defense
   Defense                  Defense                  Time % Phy DF OF 
 1 Noah Hanifin             Miro Heiskanen           50     1   2  2  
 2 Ryan McDonagh            Joel Hanley              50     1   2  2  

Last Minutes Offensive
   Center                   Left Wing                Right Wing               Defense                  Defense                  
   Aleksander Barkov        Clayton Keller           Mikko Rantanen           Noah Hanifin             Miro Heiskanen           

Last Minutes Defensive
   Center                   Left Wing                Right Wing               Defense                  Defense                  
   Anton Lundell            Artturi Lehkonen         Matias Maccelli          Ryan McDonagh            Joel Hanley              

Goaltenders
Starting : Justus Annunen           
Backup : Cam Talbot               

Extra Forwards
Normal : Mikko Rantanen, Artturi Lehkonen, Clayton Keller - PP : Mikko Rantanen, Clayton Keller - PK : Anton Lundell
Extra Defensemen
Normal : Miro Heiskanen, Noah Hanifin, Ryan McDonagh - PP : Miro Heiskanen - PK : Ryan McDonagh, Joel Hanley
Penalty Shots
Aleksander Barkov, Anton Lundell, Artturi Lehkonen, Jesperi Kotkaniemi, Noah Hanifin

Scratches
Jacob Bernard-Docker (Healthy), Eemil Viro (Healthy), Jacob Bryson (Healthy), Brett Leason (Healthy)

Anaheim Ducks

5 vs 5 Forward 
   Center                   Left Wing                Right Wing               Time % Phy DF OF 
 1 Mark Scheifele           Nazem Kadri              William Nylander         40     1   2  2  
 2 John Tavares             Mason Marchment          Brayden Schenn           30     1   2  2  
 3 Chandler Stephenson      Will Cuylle              Alex Killorn             20     1   2  2  
 4 J.T. Compher             Parker Kelly             William Nylander         10     1   2  2  

5 vs 5 Defense 
   Defense                  Defense                                           Time % Phy DF OF 
 1 Esa Lindell              Joshua Morrissey                                  36     1   2  2  
 2 Ivan Provorov            Philip Broberg                                    33     1   2  2  
 3 Kevin Bahl               Brenden Dillon                                    31     1   2  2  
 4 Esa Lindell              Morgan Rielly                                     0      1   2  2  

PowerPlay Forward 
   Center                   Left Wing                Right Wing               Time % Phy DF OF 
 1 Mark Scheifele           Nazem Kadri              William Nylander         50     1   0  4  
 2 John Tavares             Mason Marchment          Brayden Schenn           50     1   0  4  

PowerPlay Defense
   Defense                  Defense                                           Time % Phy DF OF 
 1 Joshua Morrissey         Morgan Rielly                                     60     1   2  2  
 2 Ivan Provorov            Philip Broberg                                    40     1   2  2  

Penalty Kill 4 Players Forward 
   Center                   Wing                     Time % Phy DF OF 
 1 Chandler Stephenson      Alex Killorn             60     1   3  1  
 2 J.T. Compher             Brayden Schenn           40     1   3  1  

Penalty Kill 4 Players Defense
   Defense                  Defense                  Time % Phy DF OF 
 1 Esa Lindell              Ivan Provorov            60     1   4  0  
 2 Brenden Dillon           Philip Broberg           40     1   4  0  

Penalty Kill - 3 Players Forward 
   Forward                                           Time % Phy DF OF 
 1 Chandler Stephenson                               60     1   4  0  
 2 Alex Killorn                                      40     1   4  0  

Penalty Kill - 3 Players Defense
   Defense                  Defense                  Time % Phy DF OF 
 1 Esa Lindell              Ivan Provorov            60     1   4  0  
 2 Brenden Dillon           Philip Broberg           40     1   4  0  

4 vs 4 Forward 
   Center                   Wing                     Time % Phy DF OF 
 1 Mark Scheifele           William Nylander         60     1   2  2  
 2 John Tavares             Nazem Kadri              40     1   2  2  

4 vs 4 Defense
   Defense                  Defense                  Time % Phy DF OF 
 1 Esa Lindell              Joshua Morrissey         60     1   2  2  
 2 Brenden Dillon           Ivan Provorov            40     1   2  2  

Last Minutes Offensive
   Center                   Left Wing                Right Wing               Defense                  Defense                  
   Mark Scheifele           Nazem Kadri              William Nylander         Morgan Rielly            Joshua Morrissey         

Last Minutes Defensive
   Center                   Left Wing                Right Wing               Defense                  Defense                  
   Chandler Stephenson      Alex Killorn             Brayden Schenn           Ivan Provorov            Esa Lindell              

Goaltenders
Starting : Linus Ullmark            
Backup : James Reimer             

Extra Forwards
Normal : William Nylander, Mark Scheifele, Nazem Kadri - PP : William Nylander, Nazem Kadri - PK : Chandler Stephenson
Extra Defensemen
Normal : Esa Lindell, Ivan Provorov, Brenden Dillon - PP : Joshua Morrissey - PK : Esa Lindell, Ivan Provorov
Penalty Shots
Chandler Stephenson, Mark Scheifele, Brayden Schenn, Alex Killorn, William Nylander

Scratches
Jonny Brodzinski (Healthy)

% Time on Ice - Vancouver Canucks

Lines # - Real PCT - Wanted PCT - Time Play
Normal Forward
1 - 33% - 37% - 14:57
2 - 29% - 28% - 13:12
3 - 23% - 21% - 10:39
4 - 15% - 14% - 6:59
Normal Defense
1 - 30% - 30% - 13:48
2 - 30% - 30% - 13:39
3 - 30% - 25% - 13:45
4 - 10% - 15% - 4:35
PP Forward
1 - 52% - 50% - 3:05
2 - 48% - 50% - 2:52
PP Defense
1 - 52% - 50% - 3:05
2 - 48% - 50% - 2:52
PK Forward
1 - 49% - 50% - 4:01
2 - 51% - 50% - 4:15
PK Defense
1 - 51% - 50% - 4:13
2 - 49% - 50% - 4:03
PK3 Forward
1 - 0% - 50%
2 - 0% - 50%
PK3 Defense
1 - 0% - 50%
2 - 0% - 50%
44 Forward
1 - 0% - 50%
2 - 0% - 50%
44 Defense
1 - 0% - 50%
2 - 0% - 50%
Last Minute Offensive  - 0:00
Last Minute Defensive  - 0:00
Total
Forward - 60:00
Defense - 60:00

% Time on Ice - Anaheim Ducks

Lines # - Real PCT - Wanted PCT - Time Play
Normal Forward
1 - 31% - 40% - 14:23
2 - 31% - 30% - 14:02
3 - 26% - 20% - 11:56
4 - 12% - 10% - 5:26
Normal Defense
1 - 34% - 36% - 15:24
2 - 31% - 33% - 14:23
3 - 29% - 31% - 13:29
4 - 5% - 0% - 2:31
PP Forward
1 - 47% - 50% - 3:52
2 - 53% - 50% - 4:24
PP Defense
1 - 77% - 60% - 6:22
2 - 23% - 40% - 1:54
PK Forward
1 - 76% - 60% - 4:31
2 - 24% - 40% - 1:26
PK Defense
1 - 62% - 60% - 3:40
2 - 38% - 40% - 2:17
PK3 Forward
1 - 0% - 60%
2 - 0% - 40%
PK3 Defense
1 - 0% - 60%
2 - 0% - 40%
44 Forward
1 - 0% - 60%
2 - 0% - 40%
44 Defense
1 - 0% - 60%
2 - 0% - 40%
Last Minute Offensive  - 0:00
Last Minute Defensive  - 0:00
Total
Forward - 60:00
Defense - 60:00

Play-by-Play

1st period


0:01 of 1st period - Aleksander Barkov wins face-off versus William Nylander in neutral zone.
0:06 of 1st period - Joshua Morrissey is hit by Miro Heiskanen and loses puck.
0:23 of 1st period - Minor Penalty to Nazem Kadri for Hooking.
0:24 of 1st period - Mikko Rantanen wins face-off versus Chandler Stephenson in Anaheim Ducks zone.
0:39 of 1st period - Slapshot by Mikko Rantanen.
0:39 of 1st period - Shot Blocked by Esa Lindell.
0:41 of 1st period - Snap shot by Noah Hanifin.
0:41 of 1st period - Stopped by Linus Ullmark with a rebound.
0:51 of 1st period - Ivan Provorov is hit by Noah Hanifin.
2:23 of 1st period - Penalty to Nazem Kadri is over, Nazem Kadri is back on ice.
2:41 of 1st period - Snap shot by Matias Maccelli.
2:41 of 1st period - Shot Misses the Net.
6:10 of 1st period - Chandler Stephenson is hit by Miro Heiskanen and loses puck.
6:33 of 1st period - Morgan Rielly is hit by Aleksander Barkov and loses puck.
7:08 of 1st period - Parker Kelly is hit by Bobby McMann.
7:18 of 1st period - Wrist shot by Casey Mittelstadt.
7:18 of 1st period - Stopped by Linus Ullmark with a rebound.
7:20 of 1st period - Snap shot by Ty Dellandrea.
7:20 of 1st period - Shot Misses the Net.
7:53 of 1st period - Miro Heiskanen is hit by John Tavares and loses puck.
8:16 of 1st period - Kevin Bahl is hit by Casey Mittelstadt and loses puck.
8:23 of 1st period - Wrist shot by Casey Mittelstadt.
8:23 of 1st period - Stopped by Linus Ullmark without a rebound.
8:24 of 1st period - Mark Scheifele wins face-off versus Sean Couturier in Anaheim Ducks zone.
8:24 of 1st period - Mark Scheifele is hit by Joel Hanley.
8:50 of 1st period - Philip Broberg is hit by Ty Dellandrea and loses puck.
8:55 of 1st period - Snap shot by Casey Mittelstadt.
8:55 of 1st period - Deflect By Bobby McMann.
8:55 of 1st period - Stopped by Linus Ullmark with a rebound.
9:01 of 1st period - Snap shot by Bobby McMann.
9:01 of 1st period - Stopped by Linus Ullmark without a rebound.
9:02 of 1st period - Aleksander Barkov wins face-off versus Chandler Stephenson in Anaheim Ducks zone.
9:39 of 1st period - Wrist shot by Nazem Kadri.
9:39 of 1st period - Stopped by Justus Annunen with a rebound.
9:50 of 1st period - Off-side.
9:51 of 1st period - Casey Mittelstadt wins face-off versus John Tavares in neutral zone.
10:17 of 1st period - William Nylander is hit by Joel Hanley and loses puck.
10:22 of 1st period - Wrist shot by Aleksander Barkov.
10:22 of 1st period - Shot Misses the Net.
10:43 of 1st period - Chandler Stephenson is hit by Sean Couturier and loses puck.
11:24 of 1st period - Slapshot by Mark Scheifele.
11:24 of 1st period - Shot Misses the Net.
11:42 of 1st period - Clayton Keller is hit by Will Cuylle and loses puck.
11:59 of 1st period - Brayden Schenn is hit by Artturi Lehkonen and loses puck.
12:04 of 1st period - Wrist shot by Connor Zary.
12:04 of 1st period - Stopped by Linus Ullmark with a rebound.
12:06 of 1st period - Snap shot by Connor Zary.
12:06 of 1st period - Shot Blocked by Joshua Morrissey.
12:08 of 1st period - Wrist shot by Connor Zary.
12:08 of 1st period - Shot Misses the Net.
13:01 of 1st period - William Nylander is hit by Clayton Keller.
14:07 of 1st period - Casey Mittelstadt is hit by Mason Marchment and loses puck.
14:20 of 1st period - Brayden Schenn is hit by Ty Dellandrea and loses puck.
14:56 of 1st period - Snap shot by Aleksander Barkov.
14:56 of 1st period - Shot Blocked by Brenden Dillon.
15:29 of 1st period - Brayden Schenn is hit by Sean Couturier and loses puck.
15:59 of 1st period - Snap shot by Mason Marchment.
15:59 of 1st period - Stopped by Justus Annunen with a rebound.
16:01 of 1st period - Snap shot by John Tavares.
16:01 of 1st period - Stopped by Justus Annunen with a rebound.
16:03 of 1st period - Snap shot by Esa Lindell.
16:03 of 1st period - Shot Misses the Net.
16:05 of 1st period - Slapshot by Mason Marchment.
16:05 of 1st period - Stopped by Justus Annunen without a rebound.
16:06 of 1st period - Chandler Stephenson wins face-off versus Sean Couturier in Vancouver Canucks zone.
16:07 of 1st period - Wrist shot by Will Cuylle.
16:07 of 1st period - Shot Misses the Net.
16:15 of 1st period - Wrist shot by Artturi Lehkonen.
16:15 of 1st period - Goal by Artturi Lehkonen - Vancouver Canucks : 1 - Anaheim Ducks : 0.
16:16 of 1st period - Mark Scheifele wins face-off versus Mikko Rantanen in neutral zone.
16:21 of 1st period - Wrist shot by William Nylander.
16:21 of 1st period - Stopped by Justus Annunen with a rebound.
16:23 of 1st period - Snap shot by Mark Scheifele.
16:23 of 1st period - Shot Misses the Net.
16:25 of 1st period - Slapshot by Joshua Morrissey.
16:25 of 1st period - Deflect By Nazem Kadri.
16:25 of 1st period - Stopped by Justus Annunen without a rebound.
16:26 of 1st period - Mark Scheifele wins face-off versus Aleksander Barkov in Vancouver Canucks zone.
16:31 of 1st period - Wrist shot by William Nylander.
16:31 of 1st period - Shot Misses the Net.
16:33 of 1st period - Wrist shot by William Nylander.
16:33 of 1st period - Deflect By Mikko Rantanen.
16:33 of 1st period - Goal by William Nylander - Vancouver Canucks : 1 - Anaheim Ducks : 1.
16:34 of 1st period - William Nylander wins face-off versus Aleksander Barkov in neutral zone.
16:45 of 1st period - Snap shot by William Nylander.
16:45 of 1st period - Shot Misses the Net.
16:47 of 1st period - Backhand shot by Ivan Provorov.
16:47 of 1st period - Shot Misses the Net.
16:49 of 1st period - Snap shot by Ivan Provorov.
16:49 of 1st period - Stopped by Justus Annunen with a rebound.
17:01 of 1st period - Connor Zary is hit by Philip Broberg and loses puck.
17:08 of 1st period - Slapshot by John Tavares.
17:08 of 1st period - Deflect By Mason Marchment.
17:08 of 1st period - Stopped by Justus Annunen with a rebound.
17:28 of 1st period - Wrist shot by Bobby McMann.
17:28 of 1st period - Shot Blocked by Chandler Stephenson.
17:40 of 1st period - Snap shot by Matias Maccelli.
17:40 of 1st period - Stopped by Linus Ullmark without a rebound.
17:41 of 1st period - J.T. Compher wins face-off versus Anton Lundell in Anaheim Ducks zone.
18:06 of 1st period - John Tavares is hit by Aleksander Barkov and loses puck.
18:55 of 1st period - Slapshot by Philip Broberg.
18:55 of 1st period - Stopped by Justus Annunen with a rebound.
19:16 of 1st period - Mikko Rantanen is hit by Brayden Schenn and loses puck.
19:31 of 1st period - Snap shot by Anton Lundell.
19:31 of 1st period - Stopped by Linus Ullmark without a rebound.
19:32 of 1st period - Will Cuylle wins face-off versus Anton Lundell in Anaheim Ducks zone.
19:37 of 1st period - Joel Hanley is hit by Will Cuylle and loses puck.
19:46 of 1st period - Slapshot by Matias Maccelli.
19:46 of 1st period - Goal by Matias Maccelli - Vancouver Canucks : 2 - Anaheim Ducks : 1.
19:47 of 1st period - Mark Scheifele wins face-off versus Aleksander Barkov in neutral zone.
19:50 of 1st period - Slapshot by Mark Scheifele.
19:50 of 1st period - Shot Blocked by Clayton Keller.
19:52 of 1st period - Backhand shot by Ivan Provorov.
19:52 of 1st period - Stopped by Justus Annunen without a rebound.
19:53 of 1st period - Mark Scheifele wins face-off versus Aleksander Barkov in Vancouver Canucks zone.
Goals for this period are 2 for Vancouver Canucks vs 1 for Anaheim Ducks.
Shots for this period are 10 for Vancouver Canucks vs 11 for Anaheim Ducks.

2nd period


0:01 of 2nd period - Aleksander Barkov wins face-off versus Mark Scheifele in neutral zone.
0:16 of 2nd period - Wrist shot by William Nylander.
0:16 of 2nd period - Deflect By Nazem Kadri.
0:16 of 2nd period - Shot Misses the Net.
0:16 of 2nd period - Puck is out of play.
0:17 of 2nd period - Artturi Lehkonen wins face-off versus John Tavares in Vancouver Canucks zone.
0:46 of 2nd period - Off-side.
0:47 of 2nd period - Aleksander Barkov wins face-off versus Mark Scheifele in neutral zone.
0:52 of 2nd period - Snap shot by Mikko Rantanen.
0:52 of 2nd period - Stopped by Linus Ullmark without a rebound.
0:53 of 2nd period - Mark Scheifele wins face-off versus Aleksander Barkov in Anaheim Ducks zone.
0:53 of 2nd period - Mark Scheifele is hit by Ryan McDonagh.
0:59 of 2nd period - Snap shot by William Nylander.
0:59 of 2nd period - Shot Misses the Net.
1:05 of 2nd period - Wrist shot by Mikko Rantanen.
1:05 of 2nd period - Stopped by Linus Ullmark without a rebound.
1:06 of 2nd period - Mark Scheifele wins face-off versus Aleksander Barkov in Anaheim Ducks zone.
1:33 of 2nd period - Artturi Lehkonen is hit by Esa Lindell and loses puck.
1:44 of 2nd period - Wrist shot by Brayden Schenn.
1:44 of 2nd period - Stopped by Justus Annunen without a rebound.
1:45 of 2nd period - Chandler Stephenson wins face-off versus Aleksander Barkov in Vancouver Canucks zone.
2:10 of 2nd period - Clayton Keller is hit by Mason Marchment and loses puck.
4:19 of 2nd period - Snap shot by Artturi Lehkonen.
4:19 of 2nd period - Shot Misses the Net.
4:21 of 2nd period - Slapshot by Sean Couturier.
4:21 of 2nd period - Stopped by Linus Ullmark with a rebound.
4:23 of 2nd period - Backhand shot by Sean Couturier.
4:23 of 2nd period - Goal by Sean Couturier - Vancouver Canucks : 3 - Anaheim Ducks : 1.
4:24 of 2nd period - Aleksander Barkov wins face-off versus John Tavares in neutral zone.
4:29 of 2nd period - Snap shot by Aleksander Barkov.
4:29 of 2nd period - Stopped by Linus Ullmark with a rebound.
5:14 of 2nd period - Mason Marchment is hit by Matias Maccelli and loses puck.
5:31 of 2nd period - Snap shot by Brayden Schenn.
5:31 of 2nd period - Stopped by Justus Annunen without a rebound.
5:32 of 2nd period - J.T. Compher wins face-off versus Aleksander Barkov in Vancouver Canucks zone.
5:35 of 2nd period - Wrist shot by Parker Kelly.
5:35 of 2nd period - Stopped by Justus Annunen with a rebound.
5:37 of 2nd period - Wrist shot by Parker Kelly.
5:37 of 2nd period - Shot Misses the Net.
5:39 of 2nd period - Snap shot by J.T. Compher.
5:39 of 2nd period - Goal by J.T. Compher - Vancouver Canucks : 3 - Anaheim Ducks : 2.
5:40 of 2nd period - Mason Marchment wins face-off versus Aleksander Barkov in neutral zone.
6:18 of 2nd period - Snap shot by Casey Mittelstadt.
6:18 of 2nd period - Shot Blocked by Joshua Morrissey.
6:20 of 2nd period - Snap shot by Noah Hanifin.
6:20 of 2nd period - Shot Misses the Net.
6:35 of 2nd period - Wrist shot by Sean Couturier.
6:35 of 2nd period - Deflect By Alex Killorn.
6:35 of 2nd period - Stopped by Linus Ullmark with a rebound.
6:37 of 2nd period - Slapshot by Artturi Lehkonen.
6:37 of 2nd period - Shot Misses the Net.
6:39 of 2nd period - Snap shot by Sean Couturier.
6:39 of 2nd period - Shot Misses the Net.
7:11 of 2nd period - Slapshot by Mikko Rantanen.
7:11 of 2nd period - Deflect By Brayden Schenn.
7:11 of 2nd period - Stopped by Linus Ullmark with a rebound.
7:13 of 2nd period - Snap shot by Clayton Keller.
7:13 of 2nd period - Shot Blocked by Brenden Dillon.
7:15 of 2nd period - Wrist shot by Aleksander Barkov.
7:15 of 2nd period - Stopped by Linus Ullmark with a rebound.
7:29 of 2nd period - Snap shot by Chandler Stephenson.
7:29 of 2nd period - Stopped by Justus Annunen with a rebound.
7:31 of 2nd period - Backhand shot by Brenden Dillon.
7:31 of 2nd period - Shot Misses the Net.
7:33 of 2nd period - Slapshot by Kevin Bahl.
7:33 of 2nd period - Shot Blocked by Casey Mittelstadt.
7:35 of 2nd period - Slapshot by Kevin Bahl.
7:35 of 2nd period - Shot Misses the Net.
7:41 of 2nd period - Major / Game Misconduct Penalty to Emil Martinsen Lilleberg for Attempt to injure.
7:41 of 2nd period - Emil Martinsen Lilleberg is ejected from game.
7:42 of 2nd period - Anton Lundell wins face-off versus Mark Scheifele in Vancouver Canucks zone.
8:33 of 2nd period - Wrist shot by Mikko Rantanen.
8:33 of 2nd period - Stopped by Linus Ullmark with a rebound.
9:13 of 2nd period - John Tavares is hit by Artturi Lehkonen and loses puck.
10:01 of 2nd period - Anton Lundell is hit by Alex Killorn and loses puck.
10:32 of 2nd period - Aleksander Barkov is hit by Philip Broberg and loses puck.
11:13 of 2nd period - J.T. Compher is hit by Noah Hanifin.
11:22 of 2nd period - Icing by Kevin Bahl.
11:23 of 2nd period - Anton Lundell wins face-off versus J.T. Compher in Anaheim Ducks zone.
12:41 of 2nd period - Penalty to Emil Martinsen Lilleberg is over, Clayton Keller is send on ice.
13:18 of 2nd period - Kevin Bahl is hit by Artturi Lehkonen and loses puck.
13:48 of 2nd period - Icing by Mason Marchment.
13:49 of 2nd period - Casey Mittelstadt wins face-off versus Brayden Schenn in Anaheim Ducks zone.
13:50 of 2nd period - Snap shot by Matias Maccelli.
13:50 of 2nd period - Deflect By Connor Zary.
13:50 of 2nd period - Stopped by Linus Ullmark with a rebound.
13:52 of 2nd period - Wrist shot by Sean Couturier.
13:52 of 2nd period - Stopped by Linus Ullmark with a rebound.
13:54 of 2nd period - Snap shot by Miro Heiskanen.
13:54 of 2nd period - Deflect By Artturi Lehkonen.
13:54 of 2nd period - Stopped by Linus Ullmark without a rebound.
13:55 of 2nd period - Chandler Stephenson wins face-off versus Sean Couturier in Anaheim Ducks zone.
14:20 of 2nd period - Minor Penalty to Chandler Stephenson for Hooking.
14:21 of 2nd period - Artturi Lehkonen wins face-off versus Alex Killorn in Anaheim Ducks zone.
14:48 of 2nd period - Snap shot by Clayton Keller.
14:48 of 2nd period - Shot Misses the Net.
16:20 of 2nd period - Penalty to Chandler Stephenson is over, Chandler Stephenson is back on ice.
16:32 of 2nd period - Anton Lundell is hit by Mason Marchment and loses puck.
16:39 of 2nd period - William Nylander is hit by Anton Lundell and loses puck.
17:24 of 2nd period - Sean Couturier is hit by Chandler Stephenson and loses puck.
17:39 of 2nd period - Nazem Kadri is hit by Casey Mittelstadt and loses puck.
18:00 of 2nd period - Clayton Keller is hit by Mason Marchment and loses puck.
18:37 of 2nd period - Icing by Mark Scheifele.
18:38 of 2nd period - Bobby McMann wins face-off versus Mark Scheifele in Anaheim Ducks zone.
19:07 of 2nd period - Kevin Bahl is hit by Ty Dellandrea and loses puck.
19:30 of 2nd period - Snap shot by Chandler Stephenson.
19:30 of 2nd period - Shot Misses the Net.
19:32 of 2nd period - Wrist shot by Alex Killorn.
19:32 of 2nd period - Stopped by Justus Annunen with a rebound.
Goals for this period are 1 for Vancouver Canucks vs 1 for Anaheim Ducks.
Shots for this period are 12 for Vancouver Canucks vs 6 for Anaheim Ducks.

3rd period


0:01 of 3rd period - Mark Scheifele wins face-off versus Aleksander Barkov in neutral zone.
0:55 of 3rd period - Slapshot by Philip Broberg.
0:55 of 3rd period - Shot Misses the Net.
1:09 of 3rd period - Kevin Bahl is hit by Bobby McMann and loses puck.
1:20 of 3rd period - Snap shot by Bobby McMann.
1:20 of 3rd period - Stopped by Linus Ullmark without a rebound.
1:21 of 3rd period - John Tavares wins face-off versus Sean Couturier in Anaheim Ducks zone.
1:28 of 3rd period - Snap shot by Brayden Schenn.
1:28 of 3rd period - Shot Misses the Net.
1:51 of 3rd period - Slapshot by Ryan McDonagh.
1:51 of 3rd period - Stopped by Linus Ullmark with a rebound.
2:18 of 3rd period - Wrist shot by Will Cuylle.
2:18 of 3rd period - Shot Misses the Net.
2:34 of 3rd period - Ivan Provorov is hit by Miro Heiskanen and loses puck.
4:35 of 3rd period - Slapshot by Will Cuylle.
4:35 of 3rd period - Stopped by Justus Annunen without a rebound.
4:36 of 3rd period - Aleksander Barkov wins face-off versus John Tavares in Vancouver Canucks zone.
5:01 of 3rd period - Slapshot by Philip Broberg.
5:01 of 3rd period - Shot Misses the Net.
5:03 of 3rd period - Snap shot by Alex Killorn.
5:03 of 3rd period - Deflect By Chandler Stephenson.
5:03 of 3rd period - Shot Blocked by Miro Heiskanen.
5:03 of 3rd period - Puck is out of play.
5:04 of 3rd period - Alex Killorn wins face-off versus Sean Couturier in Vancouver Canucks zone.
6:01 of 3rd period - Wrist shot by Connor Zary.
6:01 of 3rd period - Stopped by Linus Ullmark without a rebound.
6:02 of 3rd period - Mark Scheifele wins face-off versus Aleksander Barkov in Anaheim Ducks zone.
6:48 of 3rd period - Icing by Miro Heiskanen.
6:49 of 3rd period - Mark Scheifele wins face-off versus Casey Mittelstadt in Vancouver Canucks zone.
7:08 of 3rd period - Slapshot by Miro Heiskanen.
7:08 of 3rd period - Deflect By Casey Mittelstadt.
7:08 of 3rd period - Shot Misses the Net.
7:08 of 3rd period - Puck is out of play.
7:09 of 3rd period - John Tavares wins face-off versus Aleksander Barkov in Anaheim Ducks zone.
7:09 of 3rd period - John Tavares is hit by Clayton Keller.
8:27 of 3rd period - Slapshot by Clayton Keller.
8:27 of 3rd period - Stopped by Linus Ullmark with a rebound.
8:29 of 3rd period - Slapshot by Noah Hanifin.
8:29 of 3rd period - Shot Misses the Net.
8:31 of 3rd period - Wrist shot by Mikko Rantanen.
8:31 of 3rd period - Stopped by Linus Ullmark with a rebound.
8:33 of 3rd period - Snap shot by Clayton Keller.
8:33 of 3rd period - Stopped by Linus Ullmark with a rebound.
8:49 of 3rd period - Wrist shot by Mark Scheifele.
8:49 of 3rd period - Shot Misses the Net.
9:19 of 3rd period - Will Cuylle is hit by Bobby McMann and loses puck.
9:28 of 3rd period - Philip Broberg is hit by Noah Hanifin and loses puck.
9:50 of 3rd period - Mikko Rantanen is hit by Esa Lindell.
9:56 of 3rd period - Wrist shot by Chandler Stephenson.
9:56 of 3rd period - Shot Misses the Net.
10:12 of 3rd period - Slapshot by Jesperi Kotkaniemi.
10:12 of 3rd period - Stopped by Linus Ullmark without a rebound.
10:13 of 3rd period - Sean Couturier wins face-off versus John Tavares in Anaheim Ducks zone.
10:18 of 3rd period - Snap shot by Artturi Lehkonen.
10:18 of 3rd period - Shot Misses the Net.
10:20 of 3rd period - Slapshot by Sean Couturier.
10:20 of 3rd period - Shot Misses the Net.
11:02 of 3rd period - Wrist shot by William Nylander.
11:02 of 3rd period - Shot Misses the Net.
11:16 of 3rd period - Slapshot by Matias Maccelli.
11:16 of 3rd period - Shot Misses the Net.
11:18 of 3rd period - Wrist shot by Matias Maccelli.
11:18 of 3rd period - Stopped by Linus Ullmark with a rebound.
11:20 of 3rd period - Slapshot by Noah Hanifin.
11:20 of 3rd period - Shot Blocked by Philip Broberg.
11:22 of 3rd period - Wrist shot by Jesperi Kotkaniemi.
11:22 of 3rd period - Shot Blocked by Philip Broberg.
11:28 of 3rd period - Minor Penalty to Brayden Schenn for Roughing.
11:29 of 3rd period - Chandler Stephenson wins face-off versus Mikko Rantanen in Anaheim Ducks zone.
11:34 of 3rd period - Wrist shot by Esa Lindell.
11:34 of 3rd period - Stopped by Justus Annunen without a rebound.
11:35 of 3rd period - Chandler Stephenson wins face-off versus Aleksander Barkov in Vancouver Canucks zone.
11:44 of 3rd period - Slapshot by Alex Killorn.
11:44 of 3rd period - Stopped by Justus Annunen without a rebound.
11:45 of 3rd period - Artturi Lehkonen wins face-off versus Chandler Stephenson in Vancouver Canucks zone.
11:45 of 3rd period - Artturi Lehkonen is hit by Esa Lindell.
12:51 of 3rd period - Icing by Ryan McDonagh.
12:52 of 3rd period - J.T. Compher wins face-off versus Casey Mittelstadt in Vancouver Canucks zone.
13:21 of 3rd period - Ivan Provorov is hit by Clayton Keller and loses puck.
13:28 of 3rd period - Penalty to Brayden Schenn is over, Brayden Schenn is back on ice.
13:32 of 3rd period - Brenden Dillon is hit by Mikko Rantanen and loses puck.
13:45 of 3rd period - Wrist shot by Nazem Kadri.
13:45 of 3rd period - Stopped by Justus Annunen with a rebound.
13:47 of 3rd period - Wrist shot by Philip Broberg.
13:47 of 3rd period - Shot Misses the Net.
13:49 of 3rd period - Snap shot by J.T. Compher.
13:49 of 3rd period - Stopped by Justus Annunen with a rebound.
13:51 of 3rd period - Slapshot by Philip Broberg.
13:51 of 3rd period - Goal by Philip Broberg - Vancouver Canucks : 3 - Anaheim Ducks : 3.
13:52 of 3rd period - Mark Scheifele wins face-off versus Sean Couturier in neutral zone.
14:03 of 3rd period - Snap shot by William Nylander.
14:03 of 3rd period - Stopped by Justus Annunen without a rebound.
14:04 of 3rd period - Aleksander Barkov wins face-off versus Mark Scheifele in Vancouver Canucks zone.
15:19 of 3rd period - Off-side.
15:20 of 3rd period - Anton Lundell wins face-off versus Mark Scheifele in neutral zone.
15:22 of 3rd period - Minor Penalty to Joel Hanley for Tripping.
15:23 of 3rd period - Mark Scheifele wins face-off versus Artturi Lehkonen in Vancouver Canucks zone.
15:25 of 3rd period - Slapshot by Nazem Kadri.
15:25 of 3rd period - Shot Blocked by Miro Heiskanen.
15:53 of 3rd period - Slapshot by Mikko Rantanen.
15:53 of 3rd period - Stopped by Linus Ullmark with a rebound.
16:46 of 3rd period - Snap shot by Brayden Schenn.
16:46 of 3rd period - Deflect By John Tavares.
16:46 of 3rd period - Shot Misses the Net.
16:46 of 3rd period - Puck is out of play.
16:47 of 3rd period - Mark Scheifele wins face-off versus Anton Lundell in Vancouver Canucks zone.
16:48 of 3rd period - Snap shot by Nazem Kadri.
16:48 of 3rd period - Stopped by Justus Annunen with a rebound.
16:50 of 3rd period - Snap shot by Nazem Kadri.
16:50 of 3rd period - Stopped by Justus Annunen with a rebound.
16:52 of 3rd period - Slapshot by Philip Broberg.
16:52 of 3rd period - Goal by Philip Broberg - Vancouver Canucks : 3 - Anaheim Ducks : 4.
16:53 of 3rd period - Mark Scheifele wins face-off versus Casey Mittelstadt in neutral zone.
16:59 of 3rd period - Off-side.
17:00 of 3rd period - Casey Mittelstadt wins face-off versus Mark Scheifele in neutral zone.
17:07 of 3rd period - Wrist shot by Bobby McMann.
17:07 of 3rd period - Deflect By Casey Mittelstadt.
17:07 of 3rd period - Stopped by Linus Ullmark without a rebound.
17:08 of 3rd period - Casey Mittelstadt wins face-off versus William Nylander in Anaheim Ducks zone.
17:17 of 3rd period - Wrist shot by Bobby McMann.
17:17 of 3rd period - Stopped by Linus Ullmark without a rebound.
17:18 of 3rd period - Casey Mittelstadt wins face-off versus Mark Scheifele in Anaheim Ducks zone.
17:45 of 3rd period - Wrist shot by Nazem Kadri.
17:45 of 3rd period - Shot Misses the Net.
17:53 of 3rd period - Snap shot by Casey Mittelstadt.
17:53 of 3rd period - Stopped by Linus Ullmark with a rebound.
17:55 of 3rd period - Snap shot by Casey Mittelstadt.
17:55 of 3rd period - Shot Misses the Net.
17:57 of 3rd period - Slapshot by Casey Mittelstadt.
17:57 of 3rd period - Shot Blocked by Joshua Morrissey.
17:59 of 3rd period - Wrist shot by Ty Dellandrea.
17:59 of 3rd period - Stopped by Linus Ullmark with a rebound.
18:01 of 3rd period - Snap shot by Ty Dellandrea.
18:01 of 3rd period - Stopped by Linus Ullmark without a rebound.
18:02 of 3rd period - Brayden Schenn wins face-off versus Anton Lundell in Anaheim Ducks zone.
18:07 of 3rd period - Snap shot by John Tavares.
18:07 of 3rd period - Stopped by Justus Annunen with a rebound.
18:12 of 3rd period - Minor Penalty to Jesperi Kotkaniemi for Hooking.
18:13 of 3rd period - Mark Scheifele wins face-off versus Anton Lundell in Vancouver Canucks zone.
18:19 of 3rd period - Slapshot by Mark Scheifele.
18:19 of 3rd period - Stopped by Justus Annunen with a rebound.
18:21 of 3rd period - Slapshot by Joshua Morrissey.
18:21 of 3rd period - Stopped by Justus Annunen without a rebound.
18:22 of 3rd period - Anton Lundell wins face-off versus Mark Scheifele in Vancouver Canucks zone.
18:22 of 3rd period - Anton Lundell is hit by William Nylander.
18:42 of 3rd period - Slapshot by Nazem Kadri.
18:42 of 3rd period - Stopped by Justus Annunen without a rebound.
18:43 of 3rd period - Anton Lundell wins face-off versus John Tavares in Vancouver Canucks zone.
19:15 of 3rd period - Off-side.
19:16 of 3rd period - Jeremy Colliton call a timeout for Vancouver Canucks.
19:16 of 3rd period - Mark Scheifele wins face-off versus Anton Lundell in neutral zone.
19:31 of 3rd period - Backhand shot by William Nylander.
19:31 of 3rd period - Stopped by Justus Annunen with a rebound.
Goals for this period are 0 for Vancouver Canucks vs 2 for Anaheim Ducks.
Shots for this period are 14 for Vancouver Canucks vs 15 for Anaheim Ducks.